 Dungeon Crawl Stone Soup version 0.26.1-11-gd32895ea62 (webtiles) character file.

Game seed: 15278493000215599895

203 pcat the Magician (level 5, -1/30 HPs)
             Began as a Deep Elf Air Elementalist on May 24, 2021.
             Was an Initiate of Vehumet.
             Slain by a worker ant (4 damage)
             ... on level 4 of the Dungeon.
             The game lasted 00:08:57 (3683 turns).

pcat the Magician (Deep Elf Air Elementalist)       Turns: 3683, Time: 00:08:58

Health: -1/30      AC:  3    Str:  5    XL:     5   Next: 51%
Magic:  0/13       EV: 13    Int: 21    God:    Vehumet [......]
Gold:   179        SH:  0    Dex: 15    Spells: 8/13 levels left

rFire    . . .     SeeInvis .   o - +0 dagger
rCold    . . .     Faith    .   (no shield)
rNeg     . . .     Spirit   .   a - +0 robe
rPois    .         Reflect  .   (no helmet)
rElec    .         Harm     .   (no cloak)
rCorr    .         Rampage  .   (no gloves)
Will     .....                  n - +0 pair of boots
Stlth    ++........             (no amulet)
HPRegen  0.10/turn              (no ring)
MPRegen  0.13/turn              (no ring)

@: lethally poisoned (-1 -> -15)
A: no striking features
a: Renounce Religion


You were on level 4 of the Dungeon.
You worshipped Vehumet.
Vehumet was noncommittal.
You visited 1 branch of the dungeon, and saw 4 of its levels.

You collected 179 gold pieces.

Inventory:

Hand Weapons
 o - a +0 dagger (weapon)
Missiles
 c - 155 stones
 s - 5 boomerangs of dispersal
Armour
 a - a +0 robe (worn)
 n - a +0 pair of boots (worn)
Scrolls
 d - 3 scrolls of noise {unknown}
 f - 3 scrolls of remove curse {unknown}
 g - a scroll of fog {unknown}
 h - 2 scrolls of identify {unknown}
 i - 2 scrolls of teleportation {unknown}
 k - a scroll of immolation {unknown}
 m - a scroll of magic mapping {unknown}
 p - a scroll of enchant armour {unknown}
 u - a scroll of amnesia {unknown}
 v - a scroll of fear {unknown}
Potions
 b - 4 potions of flight {unknown}
 e - a potion of attraction {unknown}
 j - a potion of resistance {unknown}
 l - 2 potions of might {unknown}
 q - 2 potions of haste {unknown}
 r - 3 potions of heal wounds {unknown}
 t - a potion of curing {unknown}
 w - a potion of lignification {unknown}


   Skills:
 + Level 1.8 Fighting
 - Level 2.8 Dodging
 - Level 2.4 Stealth
 + Level 4.6 Spellcasting
 + Level 3.1 Conjurations
 + Level 4.0 Air Magic


You had 8 spell levels left.
You knew the following spells:

 Your Spells              Type           Power        Failure   Level
a - Shock                 Conj/Air       76%          2%          1
b - Airstrike             Air            10%          22%         4

Your spell library contained the following spells:

 Spells                   Type           Power        Failure   Level
 Swiftness                Air            21%          3%          2
 Static Discharge         Conj/Air       19%          8%          3
 Lightning Bolt           Conj/Air       9%           58%         5


Dungeon Overview and Level Annotations

Branches:
Dungeon (4/15)
 Temple: D:4-7

Altars:
Vehumet


Message History

The worker ant poisons you!
The worker ant bites you but does no damage.
You hit the worker ant but do no damage.
The worker ant is almost dead.
You feel sick. The worker ant misses you.
You feel sick.
You feel sick.
You feel sick.
Casting: Shock (safe; 2% risk of failure)
Confirm with . or Enter, or press ? or * to list all spells.
Aiming: Shock (safe; 2% risk of failure)
Press: ? - help, Shift-Dir - straight line, f/p - worker ant
Aim: a worker ant (almost dead, 29% to evade)
The zap misses the worker ant.
The worker ant bites you!
* * * LOW HITPOINT WARNING * * *
You are more poisoned.
The worker ant poisons you!
* * * LOW HITPOINT WARNING * * *
You feel sick. The worker ant misses you. The worker ant bites you.
You die...

.#. #..).###########
+......††..B.#.#####.#
#....#######@#.......#
#.. #.#.#####[# #
#.........#
###.####### #.# #.#
#.# #.# #.#


You could see a worker ant.

Vanquished Creatures
  A hound (D:3)
  2 worker ants (D:4)
  A worker ant zombie (D:3)
  6 adders
  A worm (D:3)
  A dart slug (D:2)
  A leopard gecko (D:1)
  5 orcs (D:3)
  2 giant cockroaches
  8 hobgoblins
  2 jackals (D:3)
  A quokka (D:4)
  A ball python (D:1)
  6 bats
  4 frilled lizards
  6 goblins
  2 kobolds (D:1)
  5 rats
55 creatures vanquished.

Notes
Turn   | Place    | Note
-------+----------+-------------------------------------------
     0 | D:1      | pcat the Deep Elf Air Elementalist began the quest for the
                  | Orb.
     0 | D:1      | Reached XP level 1. HP: 10/10 MP: 6/6
   262 | D:1      | Reached XP level 2. HP: 11/15 MP: 0/8
  1222 | D:2      | Reached XP level 3. HP: 20/20 MP: 1/10
  1858 | D:2      | Found a faded altar of an unknown god.
  2400 | D:3      | Found a radiant altar of Vehumet.
  2410 | D:3      | Reached skill level 1 in Fighting
  2410 | D:3      | Reached XP level 4. HP: 25/25 MP: 4/11
  2419 | D:3      | Became a worshipper of Vehumet
  2609 | D:3      | Learned a level 4 spell: Airstrike
  3294 | D:3      | Reached XP level 5. HP: 29/29 MP: 8/13
  3683 | D:4      | Slain by a worker ant

Illustrated notes

Levels and vault maps discovered:
D:1:      dpeg_arrival_tiny_c, layout_basic
D:2:      layout_loops_ring, chequers_ecumenical_altar_lobes,
          kennysheep_another_room, minmay_misc_feat_enclosed,
          chequers_arboretum, minmay_statues_item
D:3:      layout_loops_cross, nicolae_overflow_crystal_walls
D:4:      kennysheep_the_goblin_king, layout_basic, okawaru_altar_gauntlet_db,
          st_stairs_12

Skill      XL: |  1  2  3  4  5 |
---------------+----------------+-----
Conjurations   | 2 3 |  3.1
Fighting       | 1 |  1.8
Spellcasting   | 4 |  4.6
Air Magic      | 4 |  4.0
Dodging        | |  2.8
Stealth        | |  2.4

Action                   |  1- 3 |  4- 6 || total
-------------------------+-------+-------++-------
Melee: Unarmed           |     7 |       ||     7
       Dagger            |    13 |     3 ||    16
 Cast: Shock             |    67 |    76 ||   143
 Stab: Sleeping          |     1 |       ||     1
Armor: Robe              |     7 |     9 ||    16
Dodge: Dodged            |    27 |    27 ||    54
